 Dungeon Crawl Stone Soup version 0.29.1-15-g9cfb28693d (webtiles) character file.

Game seed: 3605789334641051471

13269 safid the Gelid (level 12, -5/110 HPs)
             Began as a Merfolk Ice Elementalist on Apr 14, 2023.
             Was a Believer of Vehumet.
             Slain by a blizzard demon (8 damage)
             ... in a Gauntlet.
             The game lasted 00:32:55 (13972 turns).

safid the Gelid (Merfolk Ice Elementalist)         Turns: 13972, Time: 00:32:55

Health: -5/110     AC: 13    Str:  8    XL:     12   Next: 4%
Magic:  22/24      EV: 10    Int: 19    God:    Vehumet [**....]
Gold:   270        SH:  0    Dex: 15    Spells: 12/27 levels left

rFire   . . .      SeeInvis +   (weapon currently unavailable)
rCold   + + +      Faith    .   (shield currently unavailable)
rNeg    . . .      Spirit   .   (body armour currently unavailable)
rPois   +          Reflect  .   (helmet currently unavailable)
rElec   +          Harm     .   (cloak currently unavailable)
rCorr   +          Rampage  .   (gloves currently unavailable)
Will    .....      NoTele   +   (boots currently unavailable)
Stlth   ++........              I - amulet of regeneration
HPRegen 1.08/turn               p - ring of see invisible
MPRegen 0.19/turn               l - ring of protection from cold

@: ice-form, resistant, freezing walls, attractive
A: freezing attack, boosted hp, large, (nimble swimmer 2), (mertail)
a: End Transformation, Renounce Religion


You were in a Gauntlet.
You worshipped Vehumet.
Vehumet was pleased with you.
You were a creature of crystalline ice.
You visited 3 branches of the dungeon, and saw 13 of its levels.
You also visited: Gauntlet.

You collected 660 gold pieces.
You spent 390 gold pieces at shops.

Inventory:

Hand Weapons
 C - a +2 dagger of draining (melded)
Missiles
 f - 2 throwing nets
 A - 6 curare-tipped darts
Armour
 j - a +2 pair of boots (melded)
 t - a +2 cloak (melded)
 F - a +2 robe of the Archmagi (melded)
 L - a +1 hat of intelligence (melded)
Jewellery
 e - a ring of willpower
 l - a ring of protection from cold (right front paw)
 p - a ring of see invisible (left front paw)
 z - a ring of resist corrosion
 I - an amulet of regeneration (around neck)
 K - a ring of willpower
Wands
 a - a wand of mindburst (23)
 x - a wand of digging (8)
 G - a wand of polymorph (7)
 J - a wand of roots (3)
Scrolls
 g - 7 scrolls of teleportation
 h - 4 scrolls of enchant armour
 i - 2 scrolls of fear
 m - 3 scrolls of fog
 q - 7 scrolls of amnesia
 y - a scroll of enchant weapon {unknown}
 M - a scroll of identify
Potions
 b - a potion of magic
 c - a potion of attraction
 d - 2 potions of flight
 n - a potion of curing
 o - 3 potions of lignification
 r - 2 potions of berserk rage {unknown}
 s - 2 potions of degeneration {unknown}
 u - 2 potions of mutation {unknown}
 v - a potion of ambrosia
 w - a potion of heal wounds {unknown}
 B - a potion of might {unknown}
 D - a potion of invisibility {unknown}
 E - 6 potions of haste {unknown}
 H - 2 potions of brilliance


   Skills:
 - Level 8.0 Fighting
 - Level 2.6 Dodging
 - Level 2.1 Stealth
 - Level 8.0 Spellcasting
 - Level 6.0 Transmutations
 + Level 16.3 Ice Magic


You had 12 spell levels left.
You knew the following spells:

 Your Spells              Type           Power      Damage    Failure   Level
a - Freeze                Ice            100%       1d11      0%          1
b - Frozen Ramparts       Ice            100%       1d16      1%          3
c - Ozocubu's Armour      Ice            63%        N/A       1%          3
d - Hailstorm             Conj/Ice       38%        3d9       3%          4
e - Ice Form              Ice/Tmut       50%        N/A       1%          4

Your spell library contained the following spells:

 Spells                   Type           Power      Damage    Failure   Level
 Stone Arrow              Conj/Erth      14%        3d7       26%         3
 Ensorcelled Hibernation  Hex/Ice        76%        N/A       1%          2
 Spider Form              Tmut/Pois      19%        N/A       8%          3
 Apportation              Tloc           14%        N/A       9%          1
 Necrotise                Necr           28%        1d5       9%          1
 Summon Small Mammal      Summ           28%        N/A       9%          1
 Scorch                   Fire           14%        2d6       14%         2
 Inner Flame              Hex/Fire       7%         N/A       26%         3
 Simulacrum               Ice/Necr       19%        N/A       43%         6
 Anguish                  Hex/Necr       3%         N/A       65%         4
 Animate Armour           Summ/Erth      14%        N/A       65%         4
 Cause Fear               Hex            3%         N/A       65%         4
 Flame Wave               Conj/Fire      7%         2d5       65%         4
 Passage of Golubria      Tloc           7%         N/A       65%         4
 Silence                  Hex/Air        3%         N/A       94%         5
 Summon Cactus Giant      Summ           3%         N/A       100%        6
 Malign Gateway           Summ/Tloc      3%         N/A       100%        7
 Discord                  Hex            3%         N/A       100%        8
 Lehudib's Crystal Spear  Conj/Erth      3%         10d3      100%        8


Dungeon Overview and Level Annotations

Branches:
Dungeon (10/15)            Temple (1/1) D:7            Lair (2/5) D:10
  Swamp (0/4) Lair:2      Gauntlet (1/1)
  Snake: Lair:2-3    Spider: Lair:2-3       Orc: D:9-12

Altars:
Ashenzari
Cheibriados
Dithmenos
Elyvilon
Fedhas
Gozag
Hepliaklqana
Kikubaaqudgha
Makhleb
Nemelex Xobeh
Okawaru
Qazlal
Ru
Sif Muna
Trog
Uskayaw
Vehumet
Wu Jian
Xom
Yredelemnul
Zin
The Shining One

Shops:
D:1 =   D:7 [   D:9 :*[

Annotations:
D:6 Grinder Gauntlet 9 transporters


Innate Abilities, Weirdness & Mutations

You are a creature of crystalline ice.
You have a powerful freezing melee attack.
Your maximum health is increased.
Your armour is entirely melded.
You are incapable of wielding weapons or throwing items.
((You are very nimble when in or above water. (Stealth+, EV+, Speed+++)))
((Your lower body shifts to a powerful aquatic tail in water.))


Message History

The freezing blast misses you.
Unknown command.
Unknown command.
Unknown command.
You punch the ice devil!
The ice devil is almost dead.
You are engulfed in freezing vapours.
You resist.
* * * LOW HITPOINT WARNING * * *
The wall freezes the ice devil but does no damage.
The ice devil misses you.
The blizzard demon is engulfed in freezing vapours.
The blizzard demon completely resists.
The wall freezes the blizzard demon but does no damage.
The blizzard demon hits you!
* * * LOW HITPOINT WARNING * * *
The blizzard demon barely misses you.
Unknown command.
It was a potion of resistance.
You feel protected.
You are engulfed in freezing vapours.
You resist.
* * * LOW HITPOINT WARNING * * *
The blizzard demon is engulfed in freezing vapours.
The wall freezes the blizzard demon but does no damage.
The blizzard demon waves its arms in wide circles.
The air twists around and strikes you.
* * * LOW HITPOINT WARNING * * *
The wall freezes the ice devil but does no damage.
The ice devil hits you but does no damage.
Unknown command.
It was a potion of attraction.
You feel attractive to monsters.
You are engulfed in freezing vapours.
You resist.
* * * LOW HITPOINT WARNING * * *
The ice devil completely resists.
The wall freezes the ice devil but does no damage.
The ice devil barely misses you.
The blizzard demon is engulfed in freezing vapours.
The wall freezes the blizzard demon but does no damage.
The blizzard demon hits you!
You die...

#########################
#≈............§∩≈........
#............§§§.........
###..###########...########
#8#..#.."?©!!..#...#..[!©..
###..#..#...#..#...#.#^....
#..#.#######^#...#.##...#
###..##..#°#..##...#.^#####
#8#..#...4Y2○..#...#....©..
###..##..#○#^.##...#..##^##
#..#.##..°##.#...#.##...#
###..#..#...#..#...#^#.....
#8#..#...#.#...#...#hD.....
###..###########...########
#.....#.©.#....≈.........
###...8.#...#...≈8≈........
#8#.....#.©.#....≈.........


You could see a blizzard demon and an ice devil.

Vanquished Creatures
  An entropy weaver (Gauntlet)
  A hydra (Lair:1)
  Pikel (D:7)
  A black mamba (Lair:1)
  4 cane toads (Lair:1)
  A rime drake (Lair:1)
  Maggie (D:8)
  A kobold demonologist (D:7)
  Prince Ribbit (D:6)
  3 blink frogs (Lair:1)
  Sigmund (D:2)
  A shadow (D:10)
  2 wraiths (D:10)
  16 yaks
  2 wyverns (D:8)
  A redback (Gauntlet)
  2 wargs (D:10)
  An acid dragon (D:9)
  2 vampire mosquitoes (D:10)
  6 water moccasins
  Duvessa (D:4)
  An ice beast (D:7)
  3 orc warriors
  A sky beast (D:7)
  An ogre (D:7)
  A lemure (D:7)
  A kobold brigand (D:10)
  4 bullfrogs
  An elf zombie (D:5)
  3 gnoll sergeants (D:7)
  An elf skeleton (D:5)
  A necrophage (D:6)
  7 scorpions
  Dowan (D:4)
  5 wights (D:8)
  8 killer bees
  5 electric eels (D:8)
  7 howler monkeys
  A gnoll bouda (D:8)
  5 hounds
  5 orc priests
  A jelly (D:5)
  Natasha (twice) (D:2)
  2 iguanas
  9 orc wizards
  2 human skeletons (D:5)
  12 adders
  13 gnolls
  A shadow imp (D:7)
  3 ufetubi
  4 worms
  2 dart slugs
  25 orcs
  7 endoplasms
  2 giant cockroaches
  3 goblins (D:4)
  7 hobgoblins
  3 jackals (D:2)
  5 quokkas
  2 ball pythons
  4 bats
  8 frilled lizards
  12 kobolds
  2 orc skeletons (D:5)
  An orc zombie (D:5)
  5 rats
249 creatures vanquished.

Vanquished Creatures (others)
  16 fungi
  18 plants (D:8)
34 creatures vanquished.

Grand Total: 283 creatures vanquished

Notes
Turn   | Place    | Note
-------+----------+-------------------------------------------
     0 | D:1      | safid the Merfolk Ice Elementalist began the quest for the
                  | Orb.
     0 | D:1      | Reached XP level 1. HP: 13/13 MP: 3/3
   302 | D:1      | Reached XP level 2. HP: 17/20 MP: 1/5
   440 | D:1      | Found Dohiy's Jewellery Shoppe.
   498 | D:1      | Reached skill level 1 in Fighting
  1054 | D:2      | Reached XP level 3. HP: 22/26 MP: 3/6
  1111 | D:2      | Learned a level 3 spell: Frozen Ramparts
  1115 | D:2      | Learned a level 3 spell: Ozocubu's Armour
  1207 | D:2      | Noticed Natasha
  1212 | D:2      | Killed Natasha
  1213 | D:2      | Reached skill level 5 in Ice Magic
  1213 | D:2      | Reached XP level 4. HP: 17/33 MP: 2/8
  1430 | D:2      | Found a faded altar of an unknown god.
  1466 | D:2      | Noticed Sigmund
  1467 | D:2      | Noticed Natasha
  1468 | D:2      | Found a glowing silver altar of Zin.
  1482 | D:2      | Killed Natasha
  1488 | D:2      | Killed Sigmund
  1489 | D:2      | Reached XP level 5. HP: 29/41 MP: 0/10
  1489 | D:2      | Reached XP level 6. HP: 34/47 MP: 0/11
  2211 | D:3      | Reached skill level 6 in Ice Magic
  2313 | D:3      | You fall into a shaft and drop 3 floors!
  2559 | D:6      | Reached XP level 7. HP: 51/54 MP: 10/13
  2871 | D:5      | Entered Level 5 of the Dungeon
  3223 | D:5      | Found a sand-covered staircase.
  4212 | D:4      | Reached skill level 5 in Fighting
  4314 | D:4      | Reached skill level 7 in Ice Magic
  4552 | D:4      | Got the Codex of Summoned Glamour
  4640 | D:4      | Noticed Duvessa
  4640 | D:4      | Noticed Dowan
  4648 | D:4      | Killed Dowan
  4649 | D:4      | Reached XP level 8. HP: 61/62 MP: 8/15
  4654 | D:4      | Killed Duvessa
  4655 | D:4      | Reached skill level 5 in Spellcasting
  6068 | D:5      | Reached skill level 8 in Ice Magic
  6755 | D:6      | Noticed Prince Ribbit
  6762 | D:6      | Killed Prince Ribbit
  6763 | D:6      | Reached XP level 9. HP: 65/72 MP: 9/18
  6838 | D:6      | Noticed Grinder
  7154 | D:7      | Reached skill level 9 in Ice Magic
  7588 | D:7      | Found Muemuf's Armour Emporium.
  7815 | D:7      | Noticed Pikel
  7829 | D:7      | Killed Pikel
  7830 | D:7      | Reached skill level 10 in Ice Magic
  7830 | D:7      | Reached XP level 10. HP: 64/80 MP: 16/22
  8078 | D:7      | Found a staircase to the Ecumenical Temple.
  8084 | Temple   | Entered the Ecumenical Temple
  8248 | Temple   | Became a worshipper of Vehumet
  8491 | D:7      | Noticed a kobold demonologist
  8500 | D:7      | Reached skill level 11 in Ice Magic
  8503 | D:7      | Noticed a soul eater
  8518 | D:7      | Killed a kobold demonologist
  8899 | D:7      | Identified the +1 robe of Inevitability {rF+ Dex+5}
  9093 | D:1      | Bought an amulet of regeneration for 390 gold pieces
  9237 | D:8      | Noticed Maggie
  9253 | D:8      | Killed Maggie
  9504 | D:8      | Reached skill level 12 in Ice Magic
  9984 | D:8      | Reached * piety under Vehumet
  9984 | D:8      | Offered knowledge of Sandblast by Vehumet.
 10525 | D:8      | Reached skill level 13 in Ice Magic
 10803 | D:9      | Found a hazy altar of Hepliaklqana.
 10807 | D:9      | Found a snail-covered altar of Cheibriados.
 10949 | D:9      | Found Osko's Antique Armour Shoppe.
 10995 | D:9      | Found Jouriole's Book Boutique.
 11102 | D:9      | Learned a level 4 spell: Hailstorm
 11107 | D:9      | Learned a level 4 spell: Ice Form
 11146 | D:9      | Found Xiptiwn's General Store.
 11419 | D:10     | Entered Level 10 of the Dungeon
 11468 | D:10     | Reached XP level 11. HP: 85/86 MP: 19/23
 11528 | D:10     | Found a staircase to the Lair.
 11538 | D:10     | Reached skill level 1 in Transmutations
 11544 | D:10     | Offered knowledge of Poisonous Vapours by Vehumet.
 11549 | D:10     | Reached ** piety under Vehumet
 11555 | D:10     | Reached skill level 14 in Ice Magic
 11932 | D:10     | Reached skill level 5 in Transmutations
 12480 | Lair:1   | Entered Level 1 of the Lair of Beasts
 12480 | Lair:1   | Noticed an eight-headed hydra
 12495 | Lair:1   | Killed an eight-headed hydra
 12895 | Lair:1   | Reached skill level 15 in Ice Magic
 13415 | Lair:2   | Found a gate leading to a gauntlet.
 13430 | Lair:2   | Reached skill level 16 in Ice Magic
 13434 | Gauntlet | Entered a Gauntlet
 13434 | Gauntlet | Noticed an entropy weaver
 13434 | Gauntlet | Found a transporter.
 13434 | Gauntlet | Found a transporter.
 13434 | Gauntlet | Found a transporter.
 13445 | Gauntlet | Found a transporter.
 13448 | Gauntlet | Found a transporter.
 13461 | Gauntlet | Found a transporter.
 13467 | Gauntlet | Found a transporter.
 13482 | Gauntlet | Noticed a blizzard demon
 13488 | Gauntlet | Found a transporter.
 13489 | Gauntlet | Found a transporter.
 13547 | Gauntlet | Found a transporter.
 13557 | Gauntlet | Noticed a sixfirhy
 13559 | Gauntlet | Found a transporter.
 13583 | Gauntlet | Found a transporter.
 13836 | Gauntlet | Offered knowledge of Stone Arrow by Vehumet.
 13838 | Gauntlet | Killed an entropy weaver
 13839 | Gauntlet | Reached XP level 12. HP: 9/92 MP: 16/24
 13971 | Gauntlet | HP: 4/110 [blizzard demon/the air (3)]
 13972 | Gauntlet | Slain by a blizzard demon

Illustrated notes

Levels and vault maps discovered:
D:1:      spicycebolla_arrival_clurvy, layout_basic, serial_shops,
          nicolae_shop_waterfront
D:2:      layout_loops_cross, basic_altar, ebering_ecumenical_altar_hall,
          chequers_serial_rivers_micro_c, minmay_lizard_pond, uniq_sigmund,
          uniq_natasha
D:3:      layout_rooms, chequers_serial_rivers_micro_e, minmay_diced_spiral
D:4:      layout_rooms, serial_aquarium, aquarium_bridge_long_joined
          [aquarium_subvault_wall, aquarium_subvault_bridge,
          aquarium_subvault_wall, aquarium_subvault_window,
          aquarium_subvault_window, aquarium_subvault_bridge],
          aquarium_window_fake, aquarium_window_2, aquarium_window_1,
          aquarium_view_2d, aquarium_balcony_double_2, uniq_duvessa
D:5:      layout_basic, nicolae_ossuary_entry_catacombs
D:6:      layout_cave_pools, small_statue_intersection, nrook_mini_backslash,
          dreamdust_gnoll_farm, uniq_grinder, uniq_prince_ribbit1
D:7:      layout_loops_ring, minmay_temple_entry_ruins, serial_shops,
          nicolae_shop_window_shopping, serial_rivers,
          chequers_serial_rivers_micro_b, chequers_serial_rivers_micro_b,
          chequers_serial_rivers_small_3, chequers_serial_rivers_small_a,
          st_stairs_8, minmay_fractal_squares_gapless_5, uniq_pikel
D:8:      layout_loops_corners, serial_bayou_lagoon_b, uniq_maggie
D:9:      layout_basic, grunt_temple_overflow_open, serial_shops, shop, shop,
          shop, statue_in_the_mist_lemuel
D:10:     layout_loops_cross, erik_lair_orcish_takeover
Temple:   nicolae_temple_bog_church
Lair:1:   layout_long_grid, grunt_forest_small_clearings, grunt_megastairs_4
Lair:2:   layout_cave_pods, minmay_swamp_entry_worms, gauntlet_entry_generic
Gauntlet: gammafunk_gauntlet_shortcut [gammafunk_gauntlet_arena_grid,
          gammafunk_gauntlet_arena_chambers, nicolae_gauntlet_arena_t_cross,
          nicolae_gauntlet_swirl, gammafunk_gauntlet_arena_spirals,
          gammafunk_gauntlet_arena_split_x, gauntlet_exit_hidden_loot]

Skill      XL: |  1  2  3  4  5  6  7  8  9 10 11 |
---------------+----------------------------------+-----
Fighting       | 1 2 3 4 5 7 8 |  8.0
Ice Magic      | 5 6 7 8 10 13 16 | 16.3
Spellcasting   | 3 4 6 8 |  8.0
Transmutations | 6 |  6.0
Dodging        | |  2.6
Stealth        | |  2.1

Action                   |  1- 3 |  4- 6 |  7- 9 | 10-12 || total
-------------------------+-------+-------+-------+-------++-------
Melee: Unarmed           |     9 |       |       |    20 ||    29
       Short sword       |    14 |    70 |   224 |       ||   308
       Punch             |       |       |     3 |     7 ||    10
       Dagger            |       |       |    48 |   476 ||   524
 Cast: Freeze            |    37 |    15 |    28 |    27 ||   107
       Frozen Ramparts   |       |    10 |    44 |    51 ||   105
       Ozocubu's Armour  |       |     2 |    32 |    44 ||    78
       Hailstorm         |       |       |       |     1 ||     1
       Ice Form          |       |       |       |     1 ||     1
  Use: Potion            |       |       |     3 |     6 ||     9
       Scroll            |       |       |     6 |     9 ||    15
 Stab: Sleeping          |       |     4 |     5 |       ||     9
Armor: Robe              |     8 |    18 |    83 |   226 ||   335
       Skin              |       |       |    13 |    21 ||    34
Dodge: Dodged            |    28 |    55 |   185 |   349 ||   617
